 Dungeon Crawl Stone Soup version 0.26.1-11-gd32895ea62 (webtiles) character file.

Game seed: 13061971753027773304

20234 nothank2 the Warrior (level 12, 0/88 HPs)
             Began as a Gargoyle Fighter on July 11, 2021.
             Was an Elder of Makhleb.
             Killed by the air
             ... invoked by a wind drake
              (8 damage)
             ... on level 4 of the Lair of Beasts.
             The game lasted 00:41:49 (13212 turns).

nothank2 the Warrior (Gargoyle Fighter)            Turns: 13212, Time: 00:41:50

Health: 0/88       AC: 31    Str: 25    XL:     12   Next: 77%
Magic:  14/14      EV:  6    Int:  9    God:    Makhleb [****..]
Gold:   585        SH: 17    Dex:  5    Spells: 11/11 levels left

rFire    + . .     SeeInvis .   a - +0 flail
rCold    . . .     Faith    .   c - +1 kite shield
rNeg     + . .     Spirit   .   A - +0 plate armour
rPois    ∞         Reflect  +   g - +0 helmet
rElec    +         Harm     .   Q - +0 cloak
rCorr    .         Rampage  +   I - +2 pair of gloves
Will     .....                  O - +2 pair of boots {rampage}
Stlth    ..........             i - amulet of reflection
HPRegen  0.24/turn              v - ring of protection from fire
MPRegen  0.14/turn              b - -4 ring of dexterity

@: no status effects
A: negative energy resistance 1, electricity resistance, unbreathing,
petrification resistance, miasma immunity, AC +8
a: Renounce Religion, Minor Destruction, Lesser Servant of Makhleb, Major
Destruction


You were on level 4 of the Lair of Beasts.
You worshipped Makhleb.
Makhleb was greatly pleased with you.
You visited 3 branches of the dungeon, and saw 14 of its levels.
You also visited: Sewer.

You collected 585 gold pieces.

Inventory:

Hand Weapons
 a - a +0 flail (weapon)
Missiles
 y - 11 boomerangs (quivered)
Armour
 c - a +1 kite shield (worn)
 g - a +0 helmet (worn)
 t - a +0 pair of gloves
 A - a +0 plate armour (worn)
 H - a +0 pair of boots
 I - a +2 pair of gloves (worn)
 O - a +2 pair of boots of rampaging (worn)
 Q - a +0 cloak (worn)
Jewellery
 b - a -4 ring of dexterity (right hand)
 e - a +4 ring of evasion
 i - an amulet of reflection (around neck)
 o - an uncursed ring of resist corrosion
 v - a ring of protection from fire (left hand)
 w - an uncursed ring of stealth
 x - an uncursed ring of see invisible {unknown}
 z - an uncursed amulet of guardian spirit {unknown}
 K - a cursed amulet of inaccuracy {unknown}
Wands
 C - a wand of flame (10)
 M - a wand of iceblast (8)
Scrolls
 f - 6 scrolls of remove curse
 h - 8 scrolls of teleportation
 p - 4 scrolls of magic mapping
 s - a scroll of fear
 u - a scroll of enchant armour
 J - a scroll of blinking
 L - a scroll of summoning
 N - a scroll of immolation
Potions
 d - a potion of might
 j - 3 potions of invisibility
 k - a potion of cancellation {unknown}
 l - 8 potions of flight
 m - 4 potions of curing
 n - 2 potions of haste
 q - 4 potions of lignification
 r - 2 potions of resistance
 B - a potion of ambrosia
 D - a potion of magic {unknown}
 E - 2 potions of brilliance
 F - 2 potions of berserk rage
 G - a potion of mutation {unknown}


   Skills:
 + Level 15.4 Fighting
 - Level 14.0 Maces & Flails
 + Level 7.9 Armour
 + Level 7.9 Shields
 + Level 3.3 Invocations


You had 11 spell levels left.
You didn't know any spells.
Your spell library contained the following spells:

 Spells                   Type           Power        Failure   Level
 Animate Skeleton         Necr           0%           100%        1
 Apportation              Tloc           0%           100%        1
 Corona                   Hex            0%           100%        1
 Magic Dart               Conj           0%           100%        1
 Summon Small Mammal      Summ           0%           100%        1
 Blink                    Tloc           N/A          100%        2
 Call Imp                 Summ           0%           100%        2
 Searing Ray              Conj           0%           100%        2
 Slow                     Hex            0%           100%        2
 Confusing Touch          Hex            0%           100%        3
 Conjure Flame            Conj/Fire      0%           100%        3
 Dazzling Flash           Conj/Hex       0%           100%        3
 Gell's Gravitas          Tloc           0%           100%        3
 Mephitic Cloud           Conj/Pois/Air  0%           100%        3
 Fulminant Prism          Conj/Hex       0%           100%        4
 Iskenderun's Mystic Bla  Conj/Tloc      0%           100%        4
 Petrify                  Tmut/Erth      0%           100%        4
 Metabolic Englaciation   Hex/Ice        0%           100%        5
 Yara's Violent Unravell  Hex/Tmut       0%           100%        5


Dungeon Overview and Level Annotations

Branches:
Dungeon (9/15)             Temple (1/1) D:4            Lair (4/6) D:9
 Spider (0/4) Lair:2        Sewer (visited)
  Swamp: Lair:2-4    Shoals: Lair:2-4       Orc: D:9-12

Altars:
Ashenzari
Cheibriados
Dithmenos
Elyvilon
Fedhas
Gozag
Hepliaklqana
Kikubaaqudgha
Makhleb
Nemelex Xobeh
Okawaru
Qazlal
Ru
Sif Muna
Trog
Uskayaw
Vehumet
Wu Jian
Xom
Yredelemnul
Zin
The Shining One

Annotations:
Lair:1 exclusion: oklob plant


Innate Abilities, Weirdness & Mutations

You are resistant to torment.
Your stone body is resilient. (AC +8)
You are immune to poison.
You resist negative energy. (rN+)
You are resistant to electric shocks. (rElec)
You can survive without breathing.
You are immune to petrification.
You are immune to miasma.


Message History

You block the elephant's attack. x2
The wind drake bites you but does no damage.
You closely miss the wind drake.
The wind drake is moderately wounded.
The elephant tramples you.
* * * LOW HITPOINT WARNING * * *
You stumble backwards!
The wind drake exhales a fierce blast of wind!
You are blown backwards!
The elephant is blown away by the wind.
You rampage towards the wind drake!
The wind drake flaps its wings at you. The air twists around and strikes you!!
* * * LOW HITPOINT WARNING * * *
You rampage towards the wind drake!
The wind drake exhales a fierce blast of wind!
You are blown backwards!
You rampage towards the wind drake!
The wind drake flaps its wings at you. The air twists around and strikes you!
You die...

######..#.
##.#.#...(.
##..........
#P.......##.#.k
##....†.......#
##........##
#...†.)..†###..
##..k..†.....(.#
##.[@..[........
##...Y#..#P#PP..#
#......#.###.P..#
###..........P...
#P....#..####...
#.....#### ..P
#..........P..
.........#.....
P........#...#.


You could see an elephant and a wind drake (repels missiles, catching breath).

Vanquished Creatures
  2 hydras
  A boulder beetle (D:8)
  3 death yaks (D:9)
  5 elephants
  2 black mambas
  Maggie (Lair:2)
  4 cane toads
  A rime drake (Lair:1)
  6 komodo dragons
  A jumping spider (Lair:2)
  9 blink frogs
  Sigmund (D:6)
  2 wyverns
  A vampire (D:9)
  2 basilisks
  20 yaks
  Menkaure (D:4)
  6 water moccasins
  Purgy (D:4)
  2 black bears (Lair:1)
  2 sky beasts
  A hornet zombie (D:9)
  An ice beast (D:5)
  2 ogres
  3 orc warriors
  6 necrophages (Lair:2)
  9 wolves (Lair:3)
  2 centaurs
  6 bullfrogs
  3 scorpions
  5 killer bees (D:8)
  A howler monkey (D:6)
  4 wights (D:9)
  A bullfrog zombie (D:9)
  A quasit (D:8)
  5 hounds
  A jelly (D:6)
  A bullfrog skeleton (D:9)
  7 worker ants
  8 orc wizards
  An iguana (D:8)
  3 hell rats (D:9)
  A hound zombie (D:9)
  A hound skeleton (D:6)
  A howler monkey zombie (D:9)
  Robin (D:4)
  13 adders
  A river rat (D:9)
  A shadow imp (D:6)
  An ufetubus (D:9)
  An ooze (D:2)
  3 adder skeletons
  4 dart slugs
  9 leopard geckos
  31 orcs
  2 ball pythons (Sewer)
  7 giant cockroaches
  12 hobgoblins
  4 jackals (Sewer)
  5 kobolds
  7 quokkas
  18 bats
  6 frilled lizards
  12 goblins
  4 goblin skeletons (D:6)
  2 goblin zombies (D:6)
  A hobgoblin zombie (D:6)
  2 kobold skeletons (D:6)
  An orc skeleton (D:6)
  2 orc zombies (D:6)
  5 rats
302 creatures vanquished.

Vanquished Creatures (others)
  An orc wizard (D:5)
  27 fungi
  5 plants
33 creatures vanquished.

Grand Total: 335 creatures vanquished

Notes
Turn   | Place    | Note
-------+----------+-------------------------------------------
     0 | D:1      | nothank2 the Gargoyle Fighter began the quest for the Orb.
     0 | D:1      | Reached XP level 1. HP: 14/14 MP: 1/1
   235 | D:1      | Reached XP level 2. HP: 16/19 MP: 2/2
   964 | D:2      | Reached XP level 3. HP: 17/24 MP: 3/3
  1110 | D:2      | Found a snail-covered altar of Cheibriados.
  1631 | D:3      | Reached skill level 4 in Fighting
  1631 | D:3      | Reached XP level 4. HP: 17/29 MP: 4/4
  1824 | D:3      | Found a glowing drain.
  1828 | Sewer    | Entered a sewer
  3163 | D:4      | Noticed an ogre
  3165 | D:4      | Noticed Purgy
  3168 | D:4      | Killed an ogre
  3169 | D:4      | Reached XP level 5. HP: 34/34 MP: 5/5
  3178 | D:4      | Killed Purgy
  3179 | D:4      | Reached skill level 5 in Fighting
  3179 | D:4      | Reached skill level 5 in Maces & Flails
  3179 | D:4      | Reached XP level 6. HP: 19/40 MP: 6/6
  3359 | D:4      | Noticed Robin
  3399 | D:4      | Killed Robin
  3535 | D:4      | Found a staircase to the Ecumenical Temple.
  3542 | Temple   | Entered the Ecumenical Temple
  3559 | Temple   | Became a worshipper of Makhleb the Destroyer
  3825 | D:4      | Noticed Menkaure
  3831 | D:4      | Killed Menkaure
  3832 | D:4      | Reached XP level 7. HP: 35/45 MP: 7/7
  4218 | D:5      | Entered Level 5 of the Dungeon
  4308 | D:5      | Reached skill level 6 in Fighting
  4492 | D:5      | Reached * piety under Makhleb
  4591 | D:5      | Reached XP level 8. HP: 52/52 MP: 8/8
  4813 | D:5      | Found a blossoming altar of Fedhas.
  4862 | D:6      | Found a sacrificial altar of Ru.
  4943 | D:6      | Found a glowing golden altar of the Shining One.
  5205 | D:6      | Reached skill level 7 in Fighting
  5307 | D:6      | Noticed Sigmund
  5368 | D:6      | Killed Sigmund
  5507 | D:6      | Found a sacrificial altar of Ru.
  5658 | D:6      | Reached ** piety under Makhleb
  6009 | D:6      | Reached XP level 9. HP: 58/58 MP: 9/9
  6016 | D:6      | Found a basalt altar of Yredelemnul.
  6052 | D:6      | Found a hazy altar of Hepliaklqana.
  6136 | D:6      | Found an opulent altar of Gozag.
  6568 | D:7      | Reached skill level 8 in Fighting
  6605 | D:7      | Found a radiant altar of Vehumet.
  7215 | D:8      | Noticed a boulder beetle
  7230 | D:7      | Identified a scroll of acquirement
  7230 | D:7      | Acquired a manual of Fighting
  7409 | D:8      | Reached skill level 10 in Maces & Flails
  7444 | D:8      | Reached *** piety under Makhleb
  7615 | D:8      | Reached skill level 9 in Fighting
  7896 | D:8      | HP: 1/60 [boulder beetle (9)]
  7906 | D:8      | Killed a boulder beetle
  7907 | D:8      | Reached skill level 10 in Fighting
  8283 | D:9      | Reached XP level 10. HP: 68/68 MP: 10/10
  8297 | D:9      | Noticed a death yak
  8298 | D:9      | Noticed a death yak
  8300 | D:9      | Found a staircase to the Lair.
  8300 | D:9      | Noticed a death yak
  8321 | D:9      | Killed a death yak
  8334 | D:9      | Killed a death yak
  8335 | D:9      | Reached skill level 11 in Fighting
  8345 | D:9      | Killed a death yak
  8607 | D:9      | Reached skill level 12 in Fighting
  9307 | D:9      | Found a hide-covered altar of Uskayaw.
  9613 | Lair:1   | Entered Level 1 of the Lair of Beasts
  9660 | Lair:1   | Noticed a cane toad
  9677 | Lair:1   | Killed a cane toad
  9678 | Lair:1   | Reached XP level 11. HP: 34/76 MP: 11/11
  9809 | Lair:1   | Reached skill level 13 in Fighting
  9988 | Lair:1   | Noticed an eight-headed hydra
 10000 | Lair:1   | Killed an eight-headed hydra
 10466 | Lair:1   | Reached **** piety under Makhleb
 10573 | Lair:1   | Noticed an oklob plant
 10862 | Lair:2   | Noticed Maggie
 10880 | Lair:2   | Killed Maggie
 10991 | Lair:2   | Reached skill level 5 in Armour
 10991 | Lair:2   | Reached skill level 5 in Shields
 11086 | Lair:2   | Reached skill level 14 in Fighting
 11352 | Lair:2   | Reached XP level 12. HP: 78/86 MP: 12/12
 11490 | Lair:2   | Found a hole to the Spider Nest.
 11575 | Lair:2   | You fall into a shaft and drop 1 floor!
 11935 | Lair:3   | Reached skill level 15 in Fighting
 12499 | Lair:3   | Reached skill level 1 in Invocations
 12714 | Lair:3   | Noticed a seven-headed hydra
 12726 | Lair:3   | Killed a seven-headed hydra
 13212 | Lair:4   | Killed from afar by a wind drake

Illustrated notes

Levels and vault maps discovered:
D:1:      lordsloth_arrival_two_stooges, layout_basic, minmay_3d_cube
D:2:      layout_rooms, kennysheep_slug_shrine
D:3:      layout_basic, gup_sewer_entry_bowl
D:4:      layout_gridville, minmay_temple_entry_arrows, uniq_menkaure,
          uniq_purgy, uniq_robin
D:5:      layout_basic, old_standard_altar
D:6:      layout_basic, general_overflow_altar, lemuel_coloured_pillars_altar,
          nicolae_tso_besieged_by_evil, kennysheep_mini, kennysheep_little_box,
          basic_altar, item_on_display_a, uniq_sigmund
D:7:      old_forge, layout_loops_ring, overflow_temple_1_default
D:8:      layout_loops_ring, nicolae_underground_beach
D:9:      layout_small_grid, lemuel_round_altar, dpeg_lair_monsters
Temple:   cyrus_circular_temple
Lair:1:   layout_regular_city, grunt_megastairs_5, minmay_lair_oklob_chamber
Lair:2:   layout_gridlike, spider_nest_entry_a, roderic_carrion_pond,
          uniq_maggie
Lair:3:   layout_regular_city
Lair:4:   layout_loops_ring, minmay_shoals_entry_beasts,
          minmay_stone_trees_medium, infiniplex_staircase_pool_2

Skill      XL: |  1  2  3  4  5  6  7  8  9 10 11 12 |
---------------+-------------------------------------+-----
Maces & Flails | 3 4 5 6 7 9 11 13 14 | 14.0
Fighting       | 4 5 6 7 10 12 14 15 | 15.4
Armour         | 5 7 |  7.9
Shields        | 5 7 |  7.9
Invocations    | 3 |  3.3

Action                   |  1- 3 |  4- 6 |  7- 9 | 10-12 || total
-------------------------+-------+-------+-------+-------++-------
Melee: Flail             |   172 |   190 |   592 |   822 ||  1776
Throw: Boomerang         |       |       |     2 |    23 ||    25
  Use: Scroll            |       |    11 |     7 |     8 ||    26
       Potion            |       |       |     4 |     2 ||     6
Armor: Scale mail        |    83 |    82 |    46 |       ||   211
       Plate armour      |       |       |   159 |   351 ||   510
Dodge: Dodged            |    41 |    65 |   133 |   152 ||   391
Block: Kite shield       |   161 |   153 |   391 |   543 ||  1248
       Reflection        |     5 |     5 |     9 |     4 ||    23
